 Dungeon Crawl Stone Soup version 0.28.0-45-g0d030f2227 (webtiles) character file.

Game seed: 15082708483417939343

169 Zwisch the Chopper (level 5, 0/46 HPs)
             Began as a Minotaur Fighter on Apr 11, 2022.
             Slain by an ogre
             ... wielding a +0 giant club
              (19 damage)
             ... on level 3 of the Dungeon.
             The game lasted 00:11:45 (2055 turns).

Zwisch the Chopper (Minotaur Fighter)               Turns: 2055, Time: 00:11:46

Health: 0/46       AC:  7    Str: 22    XL:     5   Next: 25%
Magic:  4/4        EV:  9    Int:  5    God:
Gold:   94         SH:  4    Dex: 10    Spells: 4/4 levels left

rFire   . . .      SeeInvis .   a - +0 war axe
rCold   . . .      Faith    .   c - +0 buckler
rNeg    . . .      Spirit   .   b - +0 scale mail
rPois   .          Reflect  .   (helmet restricted)
rElec   .          Harm     .   (no cloak)
rCorr   .          Rampage  .   (no gloves)
Will    .....                   (no boots)
Stlth   ..........              (no amulet)
HPRegen 0.15/turn               (no ring)
MPRegen 0.09/turn               (no ring)

@: mighty
A: horns 2, retaliatory headbutt
a: no special abilities


You were on level 3 of the Dungeon.
You visited 1 branch of the dungeon, and saw 3 of its levels.

You collected 94 gold pieces.

Inventory:

Hand Weapons
 a - a +0 war axe (weapon)
 g - a +0 hunting sling
 m - a +0 whip
 o - a +0 whip
 p - a +0 dagger
 s - a +0 dagger
 t - a +0 club
 x - a +0 whip
 z - a +0 hunting sling
 A - a +0 dagger
 C - a +0 dagger
 D - a +0 dagger
 F - a +0 club
 J - a +0 whip
 N - a +0 short sword
 O - a +0 short sword
 P - a +0 dagger
Missiles
 f - 21 stones (quivered)
 M - 3 poisoned darts
Armour
 b - a +0 scale mail (worn)
 c - a +0 buckler (worn)
 e - a +0 ring mail
 l - a +0 leather armour
 q - a +0 robe
 u - a +0 leather armour
 G - a +0 robe
 L - a +0 tower shield
Jewellery
 r - an amulet of magic regeneration
Wands
 E - a wand of flame (14)
Scrolls
 i - 2 scrolls of vulnerability {unknown}
 n - a scroll of enchant weapon {unknown}
 y - a scroll of identify {unknown}
 B - 2 scrolls of acquirement {unknown}
 H - a scroll of teleportation {unknown}
 I - a scroll of immolation {unknown}
 K - a scroll of amnesia {unknown}
Potions
 h - a potion of brilliance {unknown}
 j - 2 potions of mutation {unknown}
 k - a potion of degeneration {unknown}
 v - a potion of lignification {unknown}
 w - a potion of flight {unknown}


   Skills:
 + Level 4.1 Fighting
 * Level 5.2 Axes
 + Level 0.1 Throwing
 + Level 4.2 Armour
 + Level 1.3 Dodging
 + Level 0.1 Stealth
 + Level 4.0 Shields


You had 4 spell levels left.
You didn't know any spells.
Your spell library contained the following spells:

 Spells                   Type           Power      Damage    Failure   Level
 Ignite Poison            Fire/Tmut/Pois 0%         N/A       99%         3
 Mephitic Cloud           Conj/Pois/Air  0%         N/A       99%         3
 Freezing Cloud           Conj/Ice/Air   0%         6-21      100%        5


Dungeon Overview and Level Annotations

Branches:
Dungeon (3/15)

Altars:


Innate Abilities, Weirdness & Mutations

You have a pair of horns on your head.
You reflexively headbutt those who attack you in melee.


Message History

The goblin is moderately wounded.
The goblin hits you but does no damage.
Press: ? - help, v - describe, . - travel, g - get item
Here: a goblin, wielding a +0 dagger (moderately wounded)
Items here: ))))) †††††.
An open door, spattered with blood.
You slash the goblin!
You kill the goblin!
You closely miss the goblin. The goblin hits you with a +0 dagger.
You hit the goblin but do no damage. You headbutt the goblin.
The goblin is severely wounded.
The goblin hits you but does no damage.
You closely miss the goblin. Your headbutt misses the goblin.
The goblin is severely wounded.
The goblin hits you with a +0 dagger.
You closely miss the goblin.
The goblin is severely wounded.
The goblin closely misses you.
You barely miss the goblin.
The goblin is severely wounded.
The goblin hits you but does no damage. The goblin hits you with a +0 dagger.
You slash the goblin!
You kill the goblin!
The goblin barely misses you. You furiously retaliate!
You headbutt the goblin!
You kill the goblin!
Aiming: Throw Flame
Press: ? - help, Shift-Dir - straight line, f/p - ogre
Aim: an ogre, wielding a +0 giant club (85% to hit)
The puff of flame hits the ogre!
The ogre is moderately wounded.
You barely miss the ogre.
The ogre is moderately wounded.
The ogre hits you with a +0 giant club!
You barely miss the ogre.
The ogre is moderately wounded.
The ogre hits you with a +0 giant club!
You feel very mighty all of a sudden.
The ogre hits you with a +0 giant club!!
You die...

## .. ...... #....#
###.##.# ... #.# #
###.#.##.#
.###.############...#.<..#
.........).O@..†..#####..#
.###.##)#########...#....#
#)# #.........#.##.####
... ........†...##.....
#?..#........###.#######
#(.(#..######.#.## #####.
###...# ##.....###
#..####..........#


You could see an ogre.

Vanquished Creatures
  A jelly (D:2)
  Natasha (twice) (D:2)
  3 adders
  A worm (D:2)
  A dart slug (D:2)
  4 endoplasms
  4 giant cockroaches
  15 goblins
  5 kobolds
  3 quokkas
  4 ball pythons
  5 bats
  7 frilled lizards
  3 rats
58 creatures vanquished.

Vanquished Creatures (others)
  4 plants (D:2)
4 creatures vanquished.

Grand Total: 62 creatures vanquished

Notes
Turn   | Place    | Note
-------+----------+-------------------------------------------
     0 | D:1      | Zwisch the Minotaur Fighter began the quest for the Orb.
     0 | D:1      | Reached XP level 1. HP: 19/19 MP: 0/0
   359 | D:1      | Reached XP level 2. HP: 27/27 MP: 1/1
   700 | D:1      | Reached skill level 3 in Axes
   950 | D:2      | Reached XP level 3. HP: 33/33 MP: 2/2
  1100 | D:2      | Reached XP level 4. HP: 40/40 MP: 3/3
  1107 | D:2      | Reached skill level 1 in Dodging
  1128 | D:2      | Reached skill level 4 in Axes
  1183 | D:2      | Found a faded altar of an unknown god.
  1359 | D:2      | Noticed Natasha
  1370 | D:2      | Killed Natasha
  1633 | D:2      | Noticed Natasha
  1641 | D:2      | Killed Natasha
  1642 | D:2      | Reached skill level 5 in Axes
  1642 | D:2      | Reached XP level 5. HP: 44/46 MP: 4/4
  2031 | D:3      | Noticed an ogre
  2055 | D:3      | Slain by an ogre

Illustrated notes

Levels and vault maps discovered:
D:1:      elethiomel_arrival_infinity_welcomes_careful_drivers, layout_rooms,
          serial_rivers, chequers_serial_rivers_small_3,
          chequers_serial_rivers_micro_e, chequers_serial_rivers_small_b,
          chequers_serial_rivers_small_a, chequers_serial_rivers_micro_d
D:2:      minmay_angry_zag, layout_loops_ring, shapermc_ecumenical_altar_ellora,
          uniq_natasha
D:3:      layout_loops_ring, hangedman_abyss_or_decor_stabs,
          minmay_ogre_servants, uniq_robin, uniq_crazy_yiuf_cottage

Skill      XL: |  1  2  3  4 |
---------------+-------------+-----
Armour         | 4 |  4.2
Axes           | 3 5 |  5.2
Fighting       | 4 |  4.1
Dodging        | 1 |  1.3
Shields        | 4 |  4.0
Throwing       | |  0.1
Stealth        | |  0.1

Action                   |  1- 3 |  4- 6 || total
-------------------------+-------+-------++-------
Melee: War axe           |    54 |    59 ||   113
       Headbutt          |    11 |     5 ||    16
Throw: Stone             |       |     6 ||     6
Evoke: Wand              |       |     2 ||     2
  Use: Potion            |       |     1 ||     1
Armor: Scale mail        |    27 |    17 ||    44
Dodge: Dodged            |    16 |    17 ||    33
Block: Buckler           |     4 |     8 ||    12
